 Dungeon Crawl Stone Soup version 0.17-a0-701-gb6462b4 (webtiles) character file.

452 Raurakos the Shooter (level 6, 0/38 HPs)
             Began as a High Elf Arcane Marksman on Apr 19, 2015.
             Slain by Fluffy's ghost (3 damage)
             ... on level 4 of the Dungeon.
             The game lasted 00:23:27 (4267 turns).

Raurakos the Shooter (High Elf Arcane Marksman)     Turns: 4267, Time: 00:23:27

Health: 0/38       AC:  4    Str: 10    XL:     6   Next: 75%
Magic:  4/8        EV: 18    Int: 17    God:
Gold:   135        SH:  0    Dex: 22    Spells: 2 memorised, 4 levels left

rFire  . . .     SeeInvis .     b - +0 shortbow
rCold  . . .     Clarity  .     k - +0 leather armour
rNeg   + . .     SustAb   .     (no shield)
rPois  .         Gourm    .     (no helmet)
rElec  .         Spirit   .     s - +0 cloak
rCorr  .         Warding  +     (no gloves)
rMut   .         Stasis   .     (no boots)
MR     .....                    m - amulet of warding
Stlth  ++........               (no ring)
                                e - ring of loudness (curse)

@: agile, not resistant to hostile enchantments, unstealthy
A: no striking features
a: no special abilities


You were on level 4 of the Dungeon.
You were hungry.

You visited 1 branch of the dungeon, and saw 4 of its levels.

You collected 135 gold pieces.

Inventory:

Hand weapons
 a - a +1 dagger of draining
 b - a +0 shortbow (weapon)
Missiles
 l - 8 javelins (quivered)
Armour
 k - a +0 leather armour (worn)
 s - a +0 cloak (worn)
Jewellery
 e - a cursed ring of loudness (left hand)
 m - an amulet of warding (around neck)
Magical devices
 n - a wand of teleportation (5)
Scrolls
 g - 2 scrolls of teleportation
 i - a scroll of immolation {unknown}
 q - a scroll of fog
 u - a scroll of enchant weapon {unknown}
Potions
 o - a potion of flight
 t - a potion of invisibility {unknown}
 v - a potion of magic {unknown}
 w - 2 potions of heal wounds {unknown}
Books
 d - a book of Debilitation

   Spells                             Type                      Level
   a - Corona                         Hexes                        1
   b - Slow                           Hexes                        2
   c - Gell's Gravitas                Hexes/Translocation          3
   d - Inner Flame                    Hexes/Fire                   3
   e - Cause Fear                     Hexes                        4
   f - Leda's Liquefaction            Hexes/Earth                  4
Comestibles
 f - a bread ration
 j - a meat ration
 r - 4 chunks of flesh


   Skills:
 - Level 1.0 Fighting
 + Level 4.7 Short Blades
 + Level 7.9 Bows
 - Level 2.1 Dodging
 - Level 1.2 Spellcasting
 - Level 3.0 Hexes


You had 4 spell levels left.
You knew the following spells:

 Your Spells              Type           Power        Failure   Level  Hunger
a - Corona                Hex            ##.....      12%         1    ##.....
b - Slow                  Hex            ##......     14%         2    ###....


Dungeon Overview and Level Annotations

Branches:
Dungeon (4/15)
 Temple: D:4-7

Altars:
Cheibriados
Dithmenos
Gozag
Nemelex Xobeh
Qazlal
Vehumet
Xom

Annotations:
D:4 Fluffy's ghost, average HESk; Grinder


Message History

Drink which item? (? for menu, Esc to quit)
You feel better.
Drink which item? (? for menu, Esc to quit)
You feel agile all of a sudden.
Fluffy's ghost screams, "Don't try to defend!
You have no chance!"
Fluffy's ghost hits you.
* * * LOW HITPOINT WARNING * * *
Throwing (i - inventory):
l - 10 javelins (quivered)
Press: ? - help, Shift-Dir - straight line, f/p - Fluffy's ghost
Aim: Fluffy's ghost, wielding a weapon of speed (almost destroyed, slow)
You throw a javelin.
The javelin completely misses Fluffy's ghost.
Throwing (i - inventory):
l - 9 javelins (quivered)
Press: ? - help, Shift-Dir - straight line, f/p - Fluffy's ghost
Aim: Fluffy's ghost, wielding a weapon of speed (almost destroyed, slow)
You throw a javelin.
The javelin hits Fluffy's ghost but does no damage.
Fluffy's ghost is almost destroyed.
Fluffy's ghost hits you.
You die...

#.# #.##.# #####
###.########.##.######....
###......................##.
.............................
###.#......###....W.........
#.#..##### #.W#..#####.##.
#.####.#..# #..#..# #.##.
#.........# #####.#..# #.##.
###+####.##.####@W(....(# .....
#..>.............................
#....###.##.########.#..#####.#..
.. #.##.# #.#..# #.... #.##.#
#.#..# ..... #.##.# ... .. .....
#..... ... ## ####.# ..#. . #.# .


You could see Fluffy's ghost.

Vanquished Creatures
  Sigmund (D:2)
  An orc wizard (D:3)
  A hound (D:4)
  2 worker ants (D:4)
  Jessica (D:2)
  3 gnolls (D:3)
  4 adders
  An ooze (D:1)
  3 worms
  A giant gecko (D:2)
  11 orcs (D:3)
  A bat skeleton (D:4)
  A giant cockroach (D:3)
  11 hobgoblins
  10 bats
  4 giant newts
  8 goblins
  6 kobolds
  A quokka (D:2)
  6 rats
77 creatures vanquished.

Notes
Turn   | Place    | Note
--------------------------------------------------------------
     0 | D:1      | Raurakos, the High Elf Arcane Marksman, began the quest for the Orb.
     0 | D:1      | Reached XP level 1. HP: 13/13 MP: 3/3
   469 | D:1      | Reached XP level 2. HP: 18/18 MP: 4/4
   569 | D:1      | Reached skill level 4 in Bows
   780 | D:1      | Learned a level 2 spell: Slow
  1319 | D:2      | Reached XP level 3. HP: 15/23 MP: 0/5
  1532 | D:2      | Noticed Jessica
  1535 | D:2      | Killed Jessica
  1535 | D:2      | Reached skill level 5 in Bows
  1806 | D:2      | Reached XP level 4. HP: 20/28 MP: 4/6
  2297 | D:2      | Reached skill level 6 in Bows
  2309 | D:2      | Reached skill level 1 in Short Blades
  2480 | D:2      | Noticed Sigmund
  2489 | D:2      | Killed Sigmund
  2489 | D:2      | Reached skill level 7 in Bows
  2489 | D:2      | Reached XP level 5. HP: 18/33 MP: 4/7
  2873 | D:3      | Reached XP level 6. HP: 34/38 MP: 6/8
  3199 | D:3      | Found a shimmering altar of Xom.
  3200 | D:3      | Found a snail-covered altar of Cheibriados.
  3203 | D:3      | Found a radiant altar of Vehumet.
  3501 | D:3      | Found a stormy altar of Qazlal.
  3690 | D:3      | Found a sparkling altar of Nemelex Xobeh.
  3690 | D:3      | Found an opulent altar of Gozag.
  3811 | D:4      | Noticed Grinder
  4166 | D:4      | Found a shadowy altar of Dithmenos.
  4206 | D:4      | Noticed Fluffy's ghost (average HESk)
  4267 | D:4      | Slain by Fluffy's ghost

Action                   |  1- 3 |  4- 6 || total
-------------------------+-------+-------++-------
Melee: Unarmed           |     9 |       ||     9
       Dagger            |    78 |   132 ||   210
 Fire: Shortbow          |    47 |    89 ||   136
Throw: Stone             |     5 |       ||     5
       Javelin           |     6 |     9 ||    15
 Cast: Corona            |    16 |    30 ||    46
       Slow              |    10 |    24 ||    34
  Use: Scroll            |     4 |     3 ||     7
       Potion            |       |     2 ||     2
  Eat: Chunk             |     4 |     9 ||    13
       Pizza             |       |     1 ||     1
